 Dungeon Crawl Stone Soup version 0.24-a0-471-g3302cd442e (webtiles) character file.

Game seed: 1863131736212601009

3458 pk666 the Thaumaturge (level 9, -7/45 HPs)
             Began as a Deep Elf Wizard on July 5, 2019.
             Was a Priest of Vehumet.
             Killed by the air
             ... invoked by Gastronok
              (17 damage)
             ... on level 7 of the Dungeon.
             The game lasted 00:23:20 (8831 turns).

pk666 the Thaumaturge (Deep Elf Wizard)             Turns: 8831, Time: 00:23:21

Health: -7/45      AC:  7    Str:  4    XL:     9   Next: 78%
Magic:  0/34       EV: 15    Int: 27    God:    Vehumet [***...]
Gold:   353        SH:  0    Dex: 13    Spells: 19/28 levels left

rFire    . . .     SeeInvis .   s - +1 dagger
rCold    . . .     Gourm    .   (no shield)
rNeg     . . .     Faith    .   t - +2 robe {MR+}
rPois    .         Spirit   .   b - +0 hat
rElec    .         Reflect  .   (no cloak)
rCorr    .         Harm     .   (no gloves)
MR       +....                  l - +2 pair of boots {run}
Stlth    ++........             (no amulet)
HPRegen  0.15/turn              e - ring of magical power
MPRegen  0.24/turn              (no ring)

@: quick
A: no striking features
a: Renounce Religion


You were on level 7 of the Dungeon.
You worshipped Vehumet.
Vehumet was most pleased with you.
You were not hungry.

You visited 1 branch of the dungeon, and saw 8 of its levels.

You collected 392 gold pieces.
You spent 39 gold pieces at shops.

Inventory:

Hand Weapons
 s - a +1 dagger (weapon)
Armour
 b - a +0 hat (worn)
 l - a +2 pair of boots of running (worn)
 t - a +2 robe of magic resistance (worn)
Jewellery
 e - a ring of magical power (left hand)
 u - a +2 ring of strength
 v - an uncursed amulet of guardian spirit {unknown}
 y - an uncursed ring of flight {unknown}
Wands
 o - a wand of enslavement (8)
Scrolls
 c - a scroll of amnesia
 f - 3 scrolls of enchant weapon
 g - 5 scrolls of remove curse
 i - 8 scrolls of identify
 k - 2 scrolls of fear {unknown}
 n - 2 scrolls of immolation {unknown}
 p - 2 scrolls of fog {unknown}
 q - 2 scrolls of teleportation
 x - 2 scrolls of blinking {unknown}
 z - 2 scrolls of noise {unknown}
Potions
 a - a potion of invisibility {unknown}
 h - 3 potions of haste
 j - 7 potions of curing
 m - 2 potions of mutation {unknown}
 r - a potion of lignification
 w - 2 potions of might {unknown}
 A - a potion of brilliance {unknown}
 B - a potion of agility {unknown}
Comestibles
 d - 9 rations


   Skills:
 + Level 6.4 Dodging
 - Level 2.4 Stealth
 + Level 10.3 Spellcasting
 + Level 7.8 Conjurations
   Level 1.1 Summonings
 - Level 3.0 Translocations
 + Level 7.4 Fire Magic
 - Level 2.0 Air Magic
 - Level 3.0 Poison Magic


You had 19 spell levels left.
You knew the following spells:

 Your Spells              Type           Power        Failure   Level  Hunger
a - Magic Dart            Conj           ####         1%          1    None
b - Blink                 Tloc           N/A          1%          2    None
c - Conjure Flame         Conj/Fire      ######..     1%          3    None
d - Mephitic Cloud        Conj/Pois/Air  #####...     1%          3    None

Your spell library contained the following spells:

 Spells                   Type           Power        Failure   Level  Hunger
 Inner Flame              Hex/Fire       ####....     1%          3    None
 Call Imp                 Summ           ###.....     4%          2    None
 Slow                     Hex            ##......     6%          2    None


Dungeon Overview and Level Annotations

Branches:
Dungeon (8/15)             Temple (0/1) D:6            Lair (0/6) D:8

Altars:
Hepliaklqana
Makhleb
Qazlal
Sif Muna
Vehumet
Wu Jian
Xom
Yredelemnul
The Shining One

Shops:
D:4 *   D:7 *   D:8 }!

Annotations:
D:7 Gastronok


Message History

Ouch! That really hurt!
* * * LOW HITPOINT WARNING * * *
Casting: Magic Dart (safe; 1% risk of failure)
Confirm with . or Enter, or press ? or * to list all spells.
Aiming: Magic Dart (safe; 1% risk of failure)
Press: ? - help, Shift-Dir - straight line, f/p - necrophage
Aim: a necrophage (almost destroyed)
The magic dart hits the necrophage.
The necrophage is almost destroyed.
Casting: Magic Dart (safe; 1% risk of failure)
Confirm with . or Enter, or press ? or * to list all spells.
Aiming: Magic Dart (safe; 1% risk of failure)
Press: ? - help, Shift-Dir - straight line, f/p - necrophage
Aim: a necrophage (almost destroyed)
The magic dart hits the necrophage.
The necrophage is almost destroyed.
Gastronok is no longer moving quickly.
Gastronok waves his eye-stalks in wide circles.
The air twists around and strikes you!
You die...

...######.#######.###
...### #...........#
.....############.#.#
..................#.####
.....###########.......#
...##### #.##.##.# ...#[..#
#.##.##.# ####...#
#<##.##.#
####...#########@##.##.#
#..............#.#...#.#
#..........###.#§#.....#
#..........###..n....######
####..>###................#
#.....#........w....##.#
#.÷.#.##.####.##..#.##.#
##.##.##.####.##..#.##.#
###.##.##....#.##..#.##.#


You could see Gastronok and a necrophage.

Vanquished Creatures
  Pikel (D:4)
  Maurice (D:8)
  Sigmund (D:4)
  A water moccasin (D:8)
  A slave (D:4)
  A black bear (D:7)
  5 ogres
  A phantom (D:8)
  2 ice beasts
  A centaur (D:5)
  2 big kobolds
  Blork the orc (D:4)
  A bullfrog (D:8)
  3 scorpions
  5 wights (D:6)
  A howler monkey (D:6)
  4 crimson imps
  3 orc priests
  3 hounds
  A centaur skeleton (D:6)
  2 orc wizards
  2 bullfrog skeletons
  An iguana (D:6)
  5 worker ants
  8 gnolls
  A worker ant zombie (D:8)
  10 adders
  2 shadow imps
  An ooze (D:1)
  A worm (D:3)
  2 dart slugs
  4 leopard geckos
  16 orcs
  5 giant cockroaches
  7 goblins
  A hobgoblin (D:3)
  10 jackals (D:5)
  14 kobolds
  2 quokkas
  2 ball pythons
  5 bats
  6 frilled lizards
  2 jackal skeletons
  A quokka skeleton (D:6)
  A quokka zombie (D:5)
  9 rats
159 creatures vanquished.

Vanquished Creatures (others)
  An orc wizard (D:4)
  An orc (D:4)
  4 plants (D:8)
6 creatures vanquished.

Grand Total: 165 creatures vanquished

Notes
Turn   | Place    | Note
-------+----------+-------------------------------------------
     0 | D:1      | pk666 the Deep Elf Wizard began the quest for the Orb.
     0 | D:1      | Reached XP level 1. HP: 10/10 MP: 7/7
   243 | D:1      | Reached XP level 2. HP: 10/15 MP: 3/9
  1526 | D:3      | Reached skill level 5 in Spellcasting
  1526 | D:3      | Reached XP level 3. HP: 19/19 MP: 11/11
  1530 | D:3      | Learned a level 2 spell: Blink
  1534 | D:3      | Learned a level 3 spell: Conjure Flame
  1538 | D:3      | Learned a level 3 spell: Mephitic Cloud
  2003 | D:3      | Identified a +2 pair of boots of running (You found it on
                  | level 3 of the Dungeon)
  2135 | D:3      | Reached skill level 1 in Fire Magic
  2135 | D:3      | Reached skill level 1 in Poison Magic
  2135 | D:3      | Reached XP level 4. HP: 16/24 MP: 1/13
  2428 | D:3      | Found a radiant altar of Vehumet.
  2429 | D:3      | Found a burning altar of Makhleb.
  2444 | D:3      | Reached skill level 1 in Air Magic
  2444 | D:3      | Reached XP level 5. HP: 22/28 MP: 9/14
  2478 | D:3      | Became a worshipper of Vehumet
  3020 | D:4      | Noticed Sigmund
  3026 | D:4      | Killed Sigmund
  3026 | D:4      | Reached XP level 6. HP: 19/32 MP: 5/16
  3182 | D:4      | Found a deep blue altar of Sif Muna.
  3247 | D:4      | Noticed Blork the orc
  3267 | D:4      | Killed Blork the orc
  3267 | D:4      | Reached skill level 6 in Spellcasting
  3395 | D:4      | Found Ywica's Assorted Antiques.
  3591 | D:4      | Reached * piety under Vehumet
  3591 | D:4      | Offered knowledge of Sandblast by Vehumet.
  3636 | D:4      | Reached XP level 7. HP: 36/36 MP: 18/18
  4086 | D:4      | Noticed Pikel
  4100 | D:4      | Killed Pikel
  4100 | D:4      | Reached skill level 7 in Spellcasting
  4100 | D:4      | Reached skill level 5 in Conjurations
  4100 | D:4      | Reached XP level 8. HP: 41/41 MP: 10/21
  4334 | D:5      | Entered Level 5 of the Dungeon
  4503 | D:5      | Reached skill level 8 in Spellcasting
  4528 | D:5      | Reached skill level 5 in Fire Magic
  5066 | D:5      | Found a shimmering altar of Xom.
  5067 | D:5      | Found a stormy altar of Qazlal.
  5535 | D:5      | Found a hazy altar of Hepliaklqana.
  5909 | D:6      | Offered knowledge of Flame Tongue by Vehumet.
  6021 | D:6      | Found a basalt altar of Yredelemnul.
  6043 | D:6      | Reached ** piety under Vehumet
  6043 | D:6      | Reached skill level 9 in Spellcasting
  6163 | D:6      | Found a staircase to the Ecumenical Temple.
  6291 | D:6      | Reached XP level 9. HP: 45/45 MP: 24/24
  6442 | D:6      | Found a glowing golden altar of the Shining One.
  6981 | D:7      | Found Zutytog's General Store.
  7053 | D:7      | Bought a scroll of teleportation for 39 gold pieces
  7106 | D:7      | Reached skill level 5 in Dodging
  7830 | D:8      | Offered knowledge of Inner Flame by Vehumet.
  7981 | D:8      | Found an ornate altar of the Wu Jian Council.
  8108 | D:8      | Found Pacy's Distillery.
  8205 | D:8      | Found Keskevint's Gadget Shop.
  8216 | D:8      | Reached *** piety under Vehumet
  8370 | D:8      | Reached skill level 10 in Spellcasting
  8553 | D:8      | Found a staircase to the Lair.
  8554 | D:8      | Noticed a komodo dragon
  8557 | D:8      | Noticed Maurice
  8571 | D:8      | Killed Maurice
  8776 | D:8      | Noticed Gastronok
  8831 | D:7      | Killed from afar by Gastronok

Levels and vault maps discovered:
D:1:      minmay_arrival_hallway, layout_basic
D:2:      layout_loops_ring
D:3:      layout_loops_cross, grunt_temple_overflow_lords_of_destruction
D:4:      layout_loops_cross, kennysheep_little_box, serial_shops, shop,
          uniq_pikel, uniq_sigmund, uniq_blork_the_orc
D:5:      layout_loops_ring, kennysheep_mini,
          chequers_temple_overflow_statue_of_worship, first_ration,
          nrook_campfire, serial_park_tiny_1
D:6:      layout_cave_pools, tso_metal_star, yredelemnul_altar_generic,
          minmay_temple_entry_large_hall
D:7:      layout_loops_ring, nicolae_overflow_hidden_temple, serial_shops, shop
D:8:      layout_rooms, nicolae_overflow_crystal_walls, david_lair_shrubbed,
          serial_shops, shop, nicolae_shop_overgrown_old_shop, shop, shop,
          serial_curves, eino_curves_04, eino_curves_04,
          hangedman_pestilent_swarm, item_on_display_a, uniq_gastronok,
          uniq_harold, uniq_maurice

Skill      XL: |  1  2  3  4  5  6  7  8  9 |
---------------+----------------------------+-----
Dodging        | 3 4 6 |  6.4
Conjurations   | 2 3 5 6 7 |  7.8
Spellcasting   | 5 6 7 9 10 | 10.3
Fire Magic     | 1 2 4 6 7 |  7.4
Poison Magic   | 1 2 3 |  3.0
Air Magic      | 1 2 |  2.0
Translocations | 2 3 |  3.0
Stealth        | |  2.4
Summonings     | |  1.1

Action                   |  1- 3 |  4- 6 |  7- 9 || total
-------------------------+-------+-------+-------++-------
Melee: Dagger            |       |     4 |       ||     4
 Cast: Magic Dart        |    96 |    85 |   449 ||   630
       Mephitic Cloud    |     1 |     7 |    25 ||    33
       Conjure Flame     |       |     9 |    26 ||    35
       Blink             |       |       |     7 ||     7
  Use: Scroll            |       |     7 |     1 ||     8
  Eat: Chunk             |     3 |     5 |    15 ||    23
Armor: Robe              |     4 |    11 |    12 ||    27
Dodge: Dodged            |     5 |    13 |    61 ||    79

Table legend:
 A = Non-vault XP
 B = Vault XP
 C = Vault XP percentage of total XP
 D = Non-vault monster count
 E = Vault monster count
 F = Vault count percentage of total count
                 A         B        C        D         E       F
            +---------+---------+-------+---------+---------+-------
      Total |    3491 |    1449 |  29.3 |     155 |       5 |   3.1
            +---------+---------+-------+---------+---------+-------
        D:1 |      20 |       0 |   0.0 |      10 |       0 |   0.0
        D:2 |      30 |       0 |   0.0 |      13 |       0 |   0.0
        D:3 |     183 |      46 |  20.1 |      28 |       1 |   3.4
        D:4 |     318 |     923 |  74.4 |      17 |       3 |  15.0
        D:5 |     923 |       0 |   0.0 |      29 |       0 |   0.0
        D:6 |     541 |       0 |   0.0 |      16 |       0 |   0.0
        D:7 |     490 |       0 |   0.0 |      18 |       0 |   0.0
        D:8 |     986 |     480 |  32.7 |      24 |       1 |   4.0
            +---------+---------+-------+---------+---------+-------
